 Dungeon Crawl Stone Soup version 0.27-a0-998-g4cfe56dd59 (webtiles) character file.

Game seed: 13339479669788487117

72 robertstho the Shooter (level 4, 0/37 HPs)
             Began as a Minotaur Hunter on Apr 16, 2021.
             Killed from afar by a white imp (9 damage)
             ... with a puff of frost
             ... summoned by Eustachio
             ... on level 4 of the Dungeon.
             The game lasted 00:02:35 (2911 turns).

robertstho the Shooter (Minotaur Hunter)            Turns: 2911, Time: 00:02:35

Health: 0/37       AC:  4    Str: 16    XL:     4   Next: 6%
Magic:  3/3        EV: 12    Int:  8    God:
Gold:   124        SH:  0    Dex: 12    Spells: 3/3 levels left

rFire    . . .     SeeInvis .   a - +1 shortbow
rCold    . . .     Faith    .   (shield currently unavailable)
rNeg     . . .     Spirit   .   f - +1 leather armour {rPois}
rPois    +         Reflect  .   (helmet restricted)
rElec    .         Harm     .   (no cloak)
rCorr    .         Rampage  .   (no gloves)
Will     .....                  (no boots)
Stlth    +.........             (no amulet)
HPRegen  0.12/turn              (no ring)
MPRegen  0.08/turn              (no ring)

@: hasted, very quick
A: horns 2, retaliatory headbutt
a: no special abilities


You were on level 4 of the Dungeon.
You visited 2 branches of the dungeon, and saw 5 of its levels.

You collected 124 gold pieces.

Inventory:

Hand Weapons
 a - a +1 shortbow (weapon)
 i - a +1 hand axe of electrocution
Missiles
 d - 13 arrows (quivered ammo)
Armour
 e - a +0 ring mail
 f - a +1 leather armour of poison resistance (worn)
Scrolls
 b - a scroll of silence {unknown}
 g - a scroll of teleportation
 j - a scroll of vulnerability {unknown}
Potions
 c - a potion of haste
 h - a potion of flight
 k - 2 potions of degeneration {unknown}
 l - a potion of brilliance {unknown}
 m - a potion of mutation {unknown}


   Skills:
 * Level 2.7 Fighting
 * Level 6.0 Bows
 + Level 0.4 Armour
 + Level 2.2 Dodging
 + Level 1.0 Stealth


You had 3 spell levels left.
You didn't know any spells.
Your spell library contained the following spells:

 Spells                   Type           Power      Damage    Failure   Level
 Magic Dart               Conj           0%         1d3       47%         1
 Searing Ray              Conj           0%         3d3       63%         2
 Dazzling Flash           Conj/Hex       0%         N/A       85%         3
 Fulminant Prism          Conj/Hex       0%         3d6       99%         4
 Iskenderun's Mystic Bla  Conj/Tloc      0%         2d3       99%         4


Dungeon Overview and Level Annotations

Branches:
Dungeon (4/15)             Temple (1/1) D:4

Altars:
Ashenzari
Cheibriados
Dithmenos
Elyvilon
Fedhas
Gozag
Makhleb
Qazlal
Ru
Sif Muna
Uskayaw
Vehumet
Wu Jian
Xom
The Shining One

Shops:
D:1 [

Annotations:
D:4 Eustachio


Innate Abilities, Weirdness & Mutations

You have a pair of horns on your head.
You reflexively headbutt those who attack you in melee.


Message History

You shoot an arrow. The arrow misses Eustachio.
Eustachio casts a spell.
Eustachio blinks!
An adder comes into view.
You shoot an arrow. The arrow barely misses the adder.
The adder hisses angrily.
You shoot an arrow. The arrow hits the adder!
The adder is severely wounded.
You shoot an arrow. The arrow hits the adder.
You kill the adder!
Eustachio mumbles some strange words.
Your Bows skill increases to level 6!
You have reached level 4!
You feel agile.
Fire: 16 arrows
Press: ? - help, Q - select action Shift-Dir - straight line, f - Eustachio
Aim: Eustachio, wielding a +0 rapier and wearing a +0 leather armour (moderately wounded, 53% to hit)
You shoot an arrow. The arrow hits Eustachio.
Eustachio is moderately wounded.
Fire: 15 arrows
Press: ? - help, Q - select action Shift-Dir - straight line, f/p - Eustachio
Aim: Eustachio, wielding a +0 rapier and wearing a +0 leather armour (moderately wounded, 53% to hit)
You shoot an arrow. The arrow closely misses Eustachio.
The white imp gestures at you. The puff of frost hits you!
The white imp gestures at you. The puff of frost hits you!
Fire: 14 arrows
Press: ? - help, Q - select action Shift-Dir - straight line, f/p - Eustachio
Aim: Eustachio, wielding a +0 rapier and wearing a +0 leather armour (moderately wounded, 53% to hit)
You shoot an arrow. The arrow barely misses Eustachio.
The white imp gestures at you. The puff of frost misses you.
The white imp gestures at you. The puff of frost hits you!
* * * LOW HITPOINT WARNING * * *
You feel yourself speed up. The white imp gestures at you.
The puff of frost hits you!
You die...

.............###
#..######......
.............#
#.......####...
.............#####.....#
##..
..........#...#...⌠....#
##>
.........###...........##
## ##.......#
##...⌠.>.⌠...## #
#....#... ##...........##
#..#### ##...⌠....#..##
.. #@..#.#####..##
#...@(....# ##..##
#..†(.....# ##..#
##(....#...# #...##
#.5..###...####....##
(.5..# ##..........#
....(## ...........
((..(# ...#####... .##
###.


You could see Eustachio and 2 white imps.

Vanquished Creatures
  An orc wizard (D:3)
  An adder (D:4)
  2 worms
  3 orcs (D:3)
  A ball python (D:1)
  A bat (D:1)
  An endoplasm (D:1)
  3 giant cockroaches
  A goblin (D:1)
  2 hobgoblins (D:3)
  A kobold (D:1)
  A quokka (D:2)
  3 frilled lizards
  10 rats
31 creatures vanquished.

Notes
Turn   | Place    | Note
-------+----------+-------------------------------------------
     0 | D:1      | robertstho the Minotaur Hunter began the quest for the Orb.
     0 | D:1      | Reached XP level 1. HP: 18/18 MP: 0/0
    59 | D:1      | Found Zemiez's Armour Boutique.
   712 | D:1      | Reached XP level 2. HP: 25/25 MP: 1/1
   788 | D:1      | Found a faded altar of an unknown god.
   791 | D:1      | Reached skill level 5 in Bows
  1090 | D:2      | You fall into a shaft and drop 1 floor!
  1512 | D:3      | Found a sacrificial altar of Ru.
  1525 | D:3      | Reached XP level 3. HP: 30/30 MP: 2/2
  1650 | D:3      | Found an ornate altar of the Wu Jian Council.
  2389 | D:4      | Found a staircase to the Ecumenical Temple.
  2600 | D:4      | Reached skill level 1 in Stealth
  2675 | Temple   | Entered the Ecumenical Temple
  2899 | D:4      | Noticed Eustachio
  2908 | D:4      | Reached skill level 6 in Bows
  2908 | D:4      | Reached XP level 4. HP: 37/37 MP: 3/3
  2911 | D:4      | Killed from afar by a white imp

Illustrated notes

Levels and vault maps discovered:
D:1:      wander_arrival_desolate, layout_basic,
          hellmonk_ecumenical_altar_slurped_away, serial_shops,
          nicolae_shop_window_shopping, grunt_decor_fettered,
          minmay_rat_gold_closets
D:2:      layout_basic
D:3:      layout_basic, pdpol_wu_jian_five_deadly_venoms,
          nicolae_ru_great_annihilating_truth, minmay_splitting_lines,
          kennysheep_nub, chequers_serial_rivers_room_b
D:4:      layout_layer_cave, kennysheep_mini, trog_antimagical,
          temple_fountains, minmay_crystal_room, uniq_eustachio
Temple:   nicolae_temple_figure_eight

Skill      XL: |  1  2  3 |
---------------+----------+-----
Bows           | 5 6 |  6.0
Stealth        | 1 |  1.0
Fighting       | |  2.7
Armour         | |  0.4
Dodging        | |  2.2

Action                   |  1- 3 |  4- 6 || total
-------------------------+-------+-------++-------
 Fire: Shortbow          |    85 |     3 ||    88
  Use: Scroll            |     3 |       ||     3
       Potion            |       |     1 ||     1
Armor: Leather armour    |     6 |       ||     6
Dodge: Dodged            |    15 |     1 ||    16

Table legend: (Time is in decaauts)
 A = Elapsed time spent in this place.
 B = Non-inter-level travel time spent in this place.
 C = Inter-level travel time spent in this place.
 D = Time resting spent in this place.
 E = Time spent auto-exploring this place.
 F = Levels seen in this place.
 G = Mean time per level.
                   A        B        C        D        E       F      G
               +--------+--------+--------+--------+--------+-----+--------+
         Total |   2916 |   2716 |    200 |      0 |   2517 |   5 |  583.2 |
       Dungeon |   2695 |   2508 |    187 |      0 |   2310 |   4 |  673.8 |
        Temple |    220 |    207 |     13 |      0 |    207 |   1 |  220.0 |
               +--------+--------+--------+--------+--------+-----+--------+

Top non-repeatable levels by time:
     D:3: 1270 daAuts
     D:1: 959 daAuts
     D:4: 333 daAuts
  Temple: 220 daAuts
     D:2: 133 daAuts
